 Dungeon Crawl Stone Soup version 0.29-a0-617-g7a6b98fccd (webtiles) character file.

Game seed: 6139302623961026085

486 YayAnonymity the Shield-Bearer (level 7, -4/53 (56) HPs)
             Began as a Formicid Fighter on June 17, 2022.
             Was an Initiate of Qazlal.
             Slain by an orc warrior
             ... wielding a +0 war axe
              (6 damage)
             ... on level 4 of the Dungeon.
             The game lasted 00:07:15 (3624 turns).

YayAnonymity the Shield-Bearer (Formicid Fighter)   Turns: 3624, Time: 00:07:16

HP:   -4/53 (56)    AC: 12    Str: 23    XL:     7   Next: 35%
MP:   7/7           EV:  7    Int:  7    God:    Qazlal [......]
Gold: 181           SH: 15    Dex: 13    Spells: 6/6 levels left

rFire   . . .      SeeInvis +   a - +1 war axe
rCold   . . .      Faith    .   z - +1 tower shield
rNeg    . . .      Spirit   .   b - +0 scale mail
rPois   .          Reflect  .   (helmet unavailable)
rElec   .          Harm     .   p - +0 cloak
rCorr   .          Rampage  .   (no gloves)
Will    +....                   (no boots)
Stlth   ..........              (no amulet)
HPRegen 0.17/turn               x - ring of willpower
MPRegen 0.10/turn               y - +4 ring of protection

@: drained
A: permanent stasis, dig shafts and tunnels, antennae 3, four strong arms
a: Dig, Shaft Self, Renounce Religion


You were on level 4 of the Dungeon.
You worshipped Qazlal.
Qazlal was noncommittal.
You visited 2 branches of the dungeon, and saw 5 of its levels.

You collected 181 gold pieces.

Inventory:

Hand Weapons
 a - a +1 war axe (weapon)
Missiles
 g - 6 poisoned darts
 r - 3 javelins (quivered)
Armour
 b - a +0 scale mail (worn)
 p - a +0 cloak (worn)
 z - a +1 tower shield (worn)
Jewellery
 d - a ring of resist corrosion
 t - a ring of positive energy
 x - a ring of willpower (left hand)
 y - a +4 ring of protection (right hand)
Wands
 c - a wand of flame (18)
Scrolls
 h - a scroll of fog
 j - a scroll of poison
 n - 4 scrolls of enchant weapon
 w - a scroll of torment
Potions
 e - a potion of might
 f - 2 potions of curing
 k - a potion of heal wounds
 m - a potion of flight
 s - 2 potions of magic


   Skills:
 + Level 5.1 Fighting
 * Level 5.4 Axes
 + Level 0.5 Throwing
 + Level 3.4 Armour
 + Level 0.4 Dodging
 + Level 5.8 Shields


You had 6 spell levels left.
You didn't know any spells.
Your spell library contained the following spells:

 Spells                   Type           Power      Damage    Failure   Level
 Poisonous Vapours        Pois/Air       0%         N/A       100%        2
 Corpse Rot               Necr/Pois/Air  0%         N/A       100%        4


Dungeon Overview and Level Annotations

Branches:
Dungeon (4/15)             Temple (1/1) D:4

Altars:
Cheibriados
Dithmenos
Fedhas
Gozag
Kikubaaqudgha
Makhleb
Nemelex Xobeh
Qazlal
Ru
Yredelemnul
Zin
The Shining One


Innate Abilities, Weirdness & Mutations

You cannot be hasted, slowed, berserked, paralysed or teleported.
You can dig through walls and to a lower floor.
You have a pair of large antennae on your head. (SInv)
Your four strong arms can wield two-handed weapons with a shield.


Message History

You block the orc priest's attack.
You closely miss the orc priest.
The orc priest is heavily wounded.
The orc priest hits you but does no damage. x2
You barely miss the orc priest.
The orc priest is heavily wounded.
The orc priest barely misses you.
You hit the orc priest.
The orc priest is almost dead.
You block the orc priest's attack.
The orc priest hits you with a +0 short sword.
You closely miss the orc priest.
The orc priest is almost dead.
The orc priest calls down the wrath of Beogh upon you.
Beogh smites you!
You closely miss the orc priest.
The orc priest is almost dead.
The orc priest mumbles some strange prayers to Beogh against you.
Beogh smites you!
The orc priest casts a cantrip, but nothing happens.
You barely miss the orc priest.
The orc priest is almost dead.
The orc priest begins to cast a cantrip, but forgets the words!
You barely miss the orc priest.
The orc priest is almost dead.
You block the orc priest's attack. x2
You slash the orc priest!
You kill the orc priest!
Qazlal accepts your kill.
You start resting.
An orc warrior is nearby!
You hit the orc warrior but do no damage.
The orc warrior hits you with a +0 war axe! x2
* * * LOW HITPOINT WARNING * * *
You closely miss the orc warrior.
The orc warrior hits you with a +0 war axe!
* * * LOW HITPOINT WARNING * * *
You completely miss the orc warrior.
The orc warrior hits you with a +0 war axe.
You die...

*,,,,,,,,,,,#...#......≈≈≈
*,,,###+#######..#...).≈≈≈
****#...........######.≈≈≈
#...........# #..≈≈
#...........# #....
#...........# #....
*****#.....).....### *,...
*,o......##o##.....# **###
*,,.....,#@###.....# *
*,,....,,### #.....# ***
*,,...,,,* #.....# *,,
*,,..,,,,* #.....# *,,
*,,.,,,,,* #.....# *,,
*,,,,,,,,* #.....# *,,
*,,,>,,,,* #.....# *,,
********** ####### ***


You could see an orc warrior.

Vanquished Creatures
  An ogre (D:3)
  2 scorpions
  A hound (D:3)
  An orc priest (D:4)
  4 orc wizards
  3 gnolls
  An adder (D:2)
  A worm (D:2)
  4 dart slugs
  12 orcs
  7 ball pythons
  7 endoplasms
  4 giant cockroaches
  3 goblins
  5 hobgoblins
  3 jackals (D:1)
  4 quokkas (D:1)
  5 bats
  A frilled lizard (D:2)
  3 kobolds
  5 rats
77 creatures vanquished.

Vanquished Creatures (others)
  8 plants (D:3)
8 creatures vanquished.

Grand Total: 85 creatures vanquished

Notes
Turn   | Place    | Note
-------+----------+-------------------------------------------
     0 | D:1      | YayAnonymity the Formicid Fighter began the quest for the
                  | Orb.
     0 | D:1      | Reached XP level 1. HP: 18/18 MP: 1/1
   108 | D:1      | Reached XP level 2. HP: 22/24 MP: 2/2
   201 | D:1      | Found a faded altar of an unknown god.
   528 | D:1      | Reached XP level 3. HP: 29/29 MP: 3/3
  1451 | D:2      | Reached XP level 4. HP: 37/37 MP: 4/4
  1676 | D:3      | Noticed a scorpion
  1682 | D:3      | Killed a scorpion
  1683 | D:3      | Reached skill level 5 in Shields
  1683 | D:3      | Reached XP level 5. HP: 36/42 MP: 5/5
  2082 | D:3      | Found a sacrificial altar of Ru.
  2484 | D:3      | Reached XP level 6. HP: 41/49 MP: 6/6
  2728 | D:4      | Noticed an ogre
  2737 | D:3      | Killed an ogre
  2829 | D:3      | Reached skill level 5 in Axes
  3065 | D:4      | Reached skill level 5 in Fighting
  3065 | D:4      | Reached XP level 7. HP: 41/56 MP: 7/7
  3336 | D:4      | Found a staircase to the Ecumenical Temple.
  3365 | Temple   | Entered the Ecumenical Temple
  3391 | Temple   | Became a worshipper of Qazlal Stormbringer
  3623 | D:4      | HP: 2/53 [orc warrior/+0 war axe (8)]
  3624 | D:4      | Slain by an orc warrior

Illustrated notes

Levels and vault maps discovered:
D:1:      minmay_arrival_radiant_lines, layout_basic,
          shapermc_ecumenical_altar_mp_urbaneastern
D:2:      layout_loops_ring
D:3:      layout_loops_ring, lemuel_doored_altar, corner_web_ring,
          small_statue_intersection, serial_bayou_ford_a, kennysheep_crisscross
D:4:      layout_gridville, lemuel_round_altar, temple_pool_b, uniq_robin
Temple:   chequers_temple_sunken

Skill      XL: |  1  2  3  4  5  6 |
---------------+-------------------+-----
Axes           | 3 4 5 |  5.4
Fighting       | 4 5 |  5.1
Shields        | 5 |  5.8
Throwing       | |  0.5
Armour         | |  3.4
Dodging        | |  0.4

Action                   |  1- 3 |  4- 6 |  7- 9 || total
-------------------------+-------+-------+-------++-------
Melee: War axe           |    81 |   102 |    41 ||   224
Throw: Javelin           |       |     2 |       ||     2
 Abil: Dig               |       |       |     1 ||     1
  Use: Potion            |       |     1 |     1 ||     2
       Scroll            |       |       |    14 ||    14
Armor: Scale mail        |    41 |    62 |    12 ||   115
Dodge: Dodged            |    34 |    45 |     8 ||    87
Block: Buckler           |    15 |     7 |       ||    22
       Tower shield      |       |    78 |    25 ||   103

Table legend: (Time is in decaauts)
 A = Elapsed time spent in this place.
 B = Non-inter-level travel time spent in this place.
 C = Inter-level travel time spent in this place.
 D = Time resting spent in this place.
 E = Time spent auto-exploring this place.
 F = Levels seen in this place.
 G = Mean time per level.
                   A        B        C        D        E       F      G
               +--------+--------+--------+--------+--------+-----+--------+
         Total |   3785 |   3681 |    104 |    490 |   2289 |   5 |  757.0 |
       Dungeon |   3581 |   3496 |     85 |    490 |   2178 |   4 |  895.2 |
        Temple |    204 |    185 |     19 |      0 |    111 |   1 |  204.0 |
               +--------+--------+--------+--------+--------+-----+--------+

Top non-repeatable levels by time:
     D:3: 1380 daAuts
     D:2: 816 daAuts
     D:1: 813 daAuts
     D:4: 571 daAuts
  Temple: 204 daAuts
